 Dungeon Crawl Stone Soup version 0.18.1-6-gd335043 (webtiles) character file.

119 jacquesderrida the Poker (level 4, -3/33 HPs)
             Began as a Demonspawn Skald on May 15, 2016.
             Shot with an arrow by a centaur (6 damage)
             ... on level 5 of the Dungeon.
             The game lasted 00:09:13 (1424 turns).

jacquesderrida the Poker (Demonspawn Skald)         Turns: 1424, Time: 00:09:14

Health: -3/33      AC:  5    Str: 12    XL:     4   Next: 73%
Magic:  7/7        EV: 11    Int: 14    God:
Gold:   101        SH:  0    Dex: 13    Spells: 2 memorised, 3 levels left

rFire  . . .     SeeInvis .     l - +1 spear (venom)
rCold  . . .     Gourm    .     b - +0 leather armour
rNeg   . . .     Faith    .     (no shield)
rPois  .         Spirit   .     (no helmet)
rElec  .         Dismiss  +     (no cloak)
rCorr  .         Reflect  .     n - +1 pair of gloves
SustAt .         Harm     .     (no boots)
MR     .....                    k - amulet of dismissal
Stlth  +.........               (no ring)
                                (no ring)

@: drained, not resistant to hostile enchantments, very unstealthy
A: powered by death 1
a: no special abilities


You were on level 5 of the Dungeon.
You were not hungry.

You visited 1 branch of the dungeon, and saw 5 of its levels.

You collected 173 gold pieces.
You spent 72 gold pieces at shops.

Inventory:

Hand Weapons
 a - a +1 spear
 l - a +1 spear of venom (weapon)
Armour
 b - a +0 leather armour (worn)
 i - a +1 robe of magic resistance
 n - a +1 pair of gloves (worn)
Jewellery
 g - an uncursed amulet of harm
 k - an amulet of dismissal (around neck)
Wands
 e - a wand of lightning (0/15)
Scrolls
 f - a scroll of enchant armour {unknown}
Potions
 h - a potion of invisibility {unknown}
 m - a potion of flight
 p - a potion of curing
Books
 c - a book of Battle

   Spells                             Type                      Level
   a - Infusion                       Charms                       1
   b - Shroud of Golubria             Charms/Translocation         2
   c - Song of Slaying                Charms                       2
   d - Spectral Weapon                Hexes/Charms                 3
   e - Regeneration                   Charms/Necromancy            3
Comestibles
 d - a bread ration
 o - a meat ration


   Skills:
 - Level 2.1(1.7) Fighting
 + Level 4.0(3.6) Polearms
 - Level 1.0(0.6) Armour
 - Level 0.8(0.4) Dodging
 - Level 2.0(1.6) Spellcasting
 + Level 0.8(0.4) Hexes
 - Level 3.1(2.7) Charms


You had 3 spell levels left.
You knew the following spells:

 Your Spells              Type           Power        Failure   Level  Hunger
a - Infusion              Chrm           #...         12%         1    ##.....
b - Spectral Weapon       Hex/Chrm       #.......     63%         3    ####...


Dungeon Overview and Level Annotations

Branches:
Dungeon (5/15)
 Temple: D:4-7

Altars:
Ru
Zin

Shops:
D:4 [%:

Annotations:
D:2 exclusion: adder
D:3 VENOM SPEAR
D:4 Yehuk's ghost, amateur GrFi


Innate Abilities, Weirdness & Mutations

You regenerate a little health from kills.


Message History

Found 21 stones.
A sky beast and a centaur come into view.
You see here 2 arrows.
The centaur shoots an arrow.
The arrow barely misses you.
Unknown command.
Read which item? (? for menu, Esc to quit)
Okay, then.
Drink which item? (? for menu, Esc to quit)
Okay, then.
Unknown command.
Unknown command.
The centaur shoots an arrow.
The arrow hits you.
Found a trident.
Unknown command.
The centaur shoots an arrow.
The arrow hits you!
* * * LOW HITPOINT WARNING * * *
You see here an arrow.
Unknown command.
The centaur wields a shortbow.
The centaur shoots an arrow.
The arrow hits you.
You die...

############.......###
......................
############.......#
#.......# #.......#
#.......# #####...#
#...# #@..# #.(.#
#((.## . +.h..#....
#.(...c.Y..
#...#.c....
.....#......
.......##....#
.......### ....#


You could see 2 centaurs and a hound.

Vanquished Creatures
  An orc wizard (D:3)
  3 gnolls
  An adder skeleton (D:5)
  13 orcs
  7 bats
  A giant cockroach (D:1)
  2 goblins
  4 hobgoblins
  3 jackals (D:1)
  3 quokkas
  A giant newt (D:2)
  6 kobolds
  A rat (D:3)
46 creatures vanquished.

Notes
Turn   | Place    | Note
--------------------------------------------------------------
     0 | D:1      | jacquesderrida the Demonspawn Skald began the quest for the Orb.
     0 | D:1      | Reached XP level 1. HP: 16/16 MP: 3/3
   162 | D:1      | Reached skill level 1 in Armour
   194 | D:1      | Gained mutation: You regenerate a little health from kills. [demonic ancestry]
   194 | D:1      | Reached XP level 2. HP: 5/22 MP: 5/5
   262 | D:2      | Found a sacrificial altar of Ru.
   408 | D:2      | Reached skill level 2 in Polearms
   509 | D:2      | Found a glowing silver altar of Zin.
   602 | D:4      | Found Luyq's Food Shop.
   711 | D:4      | Reached XP level 3. HP: 11/27 MP: 0/6
   714 | D:4      | Found Xatac's Antique Armour Boutique.
   723 | D:4      | Bought a pair of glowing gloves for 72 gold pieces
   779 | D:4      | Learned a level 3 spell: Spectral Weapon
   792 | D:4      | Found Niry's Book Shop.
  1047 | D:3      | Reached skill level 3 in Polearms
  1112 | D:3      | Reached XP level 4. HP: 16/33 MP: 1/7
  1286 | D:4      | Noticed Yehuk's ghost (amateur GrFi)
  1321 | D:5      | Entered Level 5 of the Dungeon
  1368 | D:5      | Reached skill level 4 in Polearms
  1418 | D:5      | Noticed a centaur
  1421 | D:5      | Noticed a centaur
  1421 | D:5      | Noticed a sky beast
  1424 | D:5      | Shot with an arrow by a centaur

Skill      XL: |  1  2  3  4 |
---------------+-------------+-----
Armour         | 1 |  1.0
Charms         | 3 |  3.1
Polearms       | 2 3 4 |  4.0
Fighting       | |  2.1
Dodging        | |  0.8
Spellcasting   | |  2.0
Hexes          | |  0.8

Action                   |  1- 3 |  4- 6 || total
-------------------------+-------+-------++-------
Melee: Spear             |   167 |    27 ||   194
 Cast: Infusion          |     8 |     1 ||     9
Evoke: Wand              |     3 |     2 ||     5
  Use: Potion            |     4 |       ||     4
       Scroll            |     5 |     3 ||     8
 Stab: Sleeping          |     1 |       ||     1
  Eat: Chunk             |     1 |     1 ||     2
Armor: Leather armour    |    32 |     7 ||    39
       Skin              |     6 |       ||     6
Dodge: Dodged            |    85 |    10 ||    95
